 Dungeon Crawl Stone Soup version 0.31-a0-164-g2312942fda (webtiles) character file.

Game seed: 14125321969902349447

1010 qw the Skirmisher (level 8, -1/48 HPs)
             Began as a Gargoyle Hunter on June 13, 2023.
             Was a Follower of Okawaru.
             Slain by a vampire (4 damage)
             ... on level 9 of the Dungeon.
             The game lasted 00:01:44 (4152 turns).

qw the Skirmisher (Gargoyle Hunter)                 Turns: 4152, Time: 00:01:45

Health: -1/48      AC: 12    Str: 14    XL:     8   Next: 21%
Magic:  9/9        EV: 11    Int: 11    God:    Okawaru [*.....]
Gold:   255        SH:  0    Dex: 15    Spells: 7/7 levels left

rFire   . . .        Y - +1 shortbow (drain)
rCold   . . .        (shield currently unavailable)
rNeg    + . .        a - +0 ring mail
rPois   inf          b - +0 helmet
rElec   +            (no cloak)
rCorr   .            (no gloves)
SInv    .            (no boots)
Will    .....        (no amulet)
Stlth   +            (no ring)
HPRegen 0.28/turn    (no ring)
MPRegen 0.11/turn

%: no passive effects
@: no status effects
A: sickness immunity, AC +5, negative energy resistance 1, electricity
resistance, torment resistance 1, petrification resistance
a: Renounce Religion, Heroism


You were on level 9 of the Dungeon.
You worshipped Okawaru.
Okawaru was aware of your devotion.
You visited 2 branches of the dungeon, and saw 8 of its levels.

You collected 345 gold pieces.
You spent 90 gold pieces at shops.


Innate Abilities, Weirdness & Mutations

You are immune to sickness and miasma.
Your stone body is resilient. (AC +5)
You are immune to poison.
You resist negative energy. (rN+)
You are resistant to electric shocks. (rElec)
You are resistant to unholy torment.
You are immune to petrification.


   Skills:
 + Level 4.7 Fighting
 - Level 8.1 Ranged Weapons
 - Level 4.2 Armour
 - Level 1.5 Dodging
 - Level 1.1 Stealth
 + Level 2.0 Invocations


You had 7 spell levels left.
You didn't know any spells.
Your spell library was empty.

Inventory:

Hand Weapons
 Y - a +1 shortbow of draining (weapon)
Armour
 a - a +0 ring mail (worn)
 b - a +0 helmet (worn)
Scrolls
 k - a scroll of identify
Potions
 d - 2 potions of lignification
 e - a potion of cancellation
 f - 3 potions of curing
 g - a potion of resistance
 h - a potion of mutation
 i - a potion of heal wounds {unknown}
 j - 2 potions of attraction {unknown}
 l - a potion of ambrosia {unknown}
 n - a potion of invisibility {unknown}

Dungeon Overview and Level Annotations

Branches:
Dungeon (9/15)             Temple (1/1) D:4            Lair (0/5) D:9
    Orc: D:9-12

Altars:
Ashenzari
Cheibriados
Dithmenos
Elyvilon
Fedhas
Kikubaaqudgha
Makhleb
Nemelex Xobeh
Okawaru
Qazlal
Ru
Sif Muna
Trog
Vehumet
Wu Jian
Xom
Yredelemnul
Zin
The Shining One

Shops:
D:1 ?   D:9 :

Annotations:
D:3 1 runed translucent door, qw's ghost, amateur GrFi


Message History

Enter note:
Enter note: A vampire comes into view.
Found a stormy altar of Qazlal.
Enter note:
Enter note:
Enter note:
Enter note: You shoot an arrow.
The arrow hits the vampire.
The vampire is lightly damaged.
You shoot an arrow.
The arrow hits the vampire but does no damage.
The vampire is lightly damaged.
You shoot an arrow.
The arrow completely misses the vampire.
You shoot an arrow.
The arrow hits the vampire but does no damage.
The vampire is lightly damaged.
You shoot an arrow.
The arrow hits the vampire but does no damage.
You shoot an arrow.
The arrow hits the vampire but does no damage.
The vampire hits you. The vampire bites you.
You shoot an arrow. The arrow hits the vampire.
The vampire is lightly damaged.
The vampire gestures wildly while chanting.
The vampire flickers and vanishes!
Deactivating autopickup; reactivate with Ctrl-A.
You shoot an arrow. Something hits you but does no damage. Something bites you!
You shoot an arrow. Something hits you! Something bites you but does no damage.
You shoot an arrow. Something hits you. Something bites you.
Something hits you! Something bites you.
You shoot an arrow. Something hits you but does no damage.
Something bites you but does no damage.
You shoot an arrow. Something hits you.
You die...

...._..........
~~.....~~......
..~..~.~..~.....#
.....~~.~~....../#
....^............#
#................#
.........{.......#
..........@......#
..................
..................
#############.....######
..................#
..................#
..................#
..................#
>...........#.....#


There were no monsters in sight!

Vanquished Creatures
  Sigmund (D:4)
  Menkaure (D:4)
  A black bear (D:5)
  An ogre (D:5)
  A scorpion (D:5)
  A howler monkey (D:5)
  2 hounds (D:5)
  2 jellies
  2 iguanas
  A sleepcap (D:4)
  2 orc wizards (D:5)
  Robin (D:4)
  4 gnolls (D:3)
  3 adders
  3 worms
  4 dart slugs
  16 orcs
  8 endoplasms
  A giant cockroach (D:3)
  13 goblins
  6 hobgoblins
  7 jackals
  6 quokkas
  5 ball pythons
  4 bats
  4 frilled lizards
  10 kobolds
  4 rats
114 creatures vanquished.

Notes
Turn   | Place    | Note
-------+----------+-------------------------------------------
     0 | D:1      | qw the Gargoyle Hunter began the quest for the Orb.
     0 | D:1      | Reached XP level 1. HP: 12/12 MP: 1/1
     0 | D:1      | 0 ||| qw: Version: 0.2-a-29-gc1b59c4
     0 | D:1      | 0 ||| qw: Game counter: 4623
     0 | D:1      | 0 ||| qw: Always use a shield: true
     0 | D:1      | 0 ||| qw: God list: Okawaru
     0 | D:1      | 0 ||| qw: Allow faded altars: false
     0 | D:1      | 0 ||| qw: Do Orc after D:15 true
     0 | D:1      | 0 ||| qw: Do second Lair branch before Depths: true
     0 | D:1      | 0 ||| qw: Lair rune preference: random
     0 | D:1      | 0 ||| qw: Plans: Normal, Zot:1-4, Slime:5, God:TSO, Crypt,
                  | Tomb, Abyss, Pan, Hells, Win
     0 | D:1      | 0 ||| PLANNING D:1-11
    69 | D:1      | Found Ime Iddi's Magic Scroll Shop.
    78 | D:1      | Reached XP level 2. HP: 17/17 MP: 2/2
   108 | D:1      | 108 ||| SHOPLISTING scroll of identify (24 gold, have 10).
   108 | D:1      | 108 ||| SHOPLISTING scroll of teleportation (36 gold, have
                  | 10).
   577 | D:1      | 577 ||| READING scroll labelled QOHACUCED KUEVIXYH.
   578 | D:1      | 578 ||| DROPPING scroll of butterflies.
   599 | D:2      | 599 ||| STAIRDANCE
   602 | D:1      | Reached XP level 3. HP: 7/21 MP: 3/3
   688 | D:2      | Reached skill level 5 in Ranged Weapons
   769 | D:2      | HP: 5/22 [worm (3)]
  1036 | D:2      | Reached skill level 3 in Fighting
  1217 | D:2      | 1217 ||| READING scroll labelled OBEGHA DINGOSK.
  1218 | D:2      | 1218 ||| READING scroll labelled UMODIT INIDY.
  1219 | D:2      | 1219 ||| READING scroll labelled PAEKEFFOCI.
  1242 | D:3      | Identified the +8 trident of Exerido {drain, *Slow rN+++
                  | Int+2 Dex-4}
  1281 | D:3      | Found a runed translucent door.
  1287 | D:3      | Noticed qw's ghost (amateur GrFi)
  1385 | D:3      | Found an ornate altar of the Wu Jian Council.
  1452 | D:3      | HP: 5/23 [worm (7)]
  1456 | D:3      | Reached XP level 4. HP: 7/28 MP: 4/4
  1637 | D:3      | 1637 ||| READING scroll of brand weapon.
  1637 | D:3      | 1637 ||| BRANDING +0 shortbow of freezing.
  1910 | D:3      | Found a shimmering blue altar of Sif Muna.
  1948 | D:3      | Found a faded altar of an unknown god.
  2011 | D:3      | 2011 ||| UPGRADING to +0 ring mail.
  2021 | D:3      | 2021 ||| DROPPING +0 leather armour.
  2022 | D:3      | 2022 ||| READING scroll labelled SACOGA KACOTRA.
  2023 | D:3      | 2023 ||| READING 3 scrolls labelled ISKOMA QANA.
  2024 | D:3      | 2024 ||| DRINKING 2 murky white potions.
  2025 | D:3      | 2025 ||| READING 2 scrolls of identify.
  2025 | D:3      | 2025 ||| IDENTIFYING glowing yellow potion
  2104 | D:4      | Noticed Sigmund
  2115 | D:4      | Killed Sigmund
  2116 | D:4      | Reached XP level 5. HP: 22/32 MP: 5/5
  2116 | D:4      | Reached XP level 6. HP: 26/37 MP: 6/6
  2188 | D:4      | Found a sparkling altar of Nemelex Xobeh.
  2336 | D:4      | Reached skill level 6 in Ranged Weapons
  2336 | D:4      | Found a radiant altar of Vehumet.
  2341 | D:4      | Noticed Menkaure
  2342 | D:4      | 2342 ||| FLEEEEING.
  2343 | D:4      | 2343 ||| FLEEEEING.
  2344 | D:4      | 2344 ||| FLEEEEING.
  2345 | D:4      | 2345 ||| FLEEEEING.
  2346 | D:4      | 2346 ||| FLEEEEING.
  2347 | D:4      | 2347 ||| FLEEEEING.
  2352 | D:4      | 2352 ||| FLEEEEING.
  2353 | D:4      | 2353 ||| FLEEEEING.
  2378 | D:4      | HP: 6/37 [Menkaure (5)]
  2381 | D:4      | Killed Menkaure
  2382 | D:4      | Reached XP level 7. HP: 8/44 MP: 7/7
  2616 | D:4      | Found a staircase to the Ecumenical Temple.
  2617 | D:4      | 2617 ||| PLANNING TEMPLE
  2617 | D:4      | 2617 ||| READING scroll labelled SELUSS YGEKU.
  2618 | D:4      | 2618 ||| READING scroll labelled VOOF ITUES.
  2619 | D:4      | 2619 ||| DRINKING 3 dark potions.
  2628 | Temple   | Entered the Ecumenical Temple
  2629 | Temple   | 2629 ||| PLANNING OKAWARU WORSHIP
  2635 | Temple   | Became a worshipper of Warmaster Okawaru
  2635 | Temple   | 2635 ||| PLANNING D:1-11
  2730 | D:4      | Noticed Robin
  2743 | D:4      | Killed Robin
  2817 | D:4      | Found Zin's Purification Station.
  2823 | D:4      | Found a glowing silver altar of Zin.
  2826 | D:4      | 2826 ||| BUYING potion of curing (90 gold).
  2826 | D:4      | Bought a potion of curing for 90 gold pieces
  2973 | D:4      | 2973 ||| UPGRADING to +0 helmet.
  2978 | D:4      | 2978 ||| READING 3 scrolls of identify.
  2978 | D:4      | 2978 ||| IDENTIFYING bubbling puce potion
  2979 | D:4      | 2979 ||| READING 2 scrolls of identify.
  2979 | D:4      | 2979 ||| IDENTIFYING fuming dark potion
  2980 | D:4      | 2980 ||| DROPPING potion of degeneration.
  3047 | D:5      | Entered Level 5 of the Dungeon
  3064 | D:5      | Reached skill level 7 in Ranged Weapons
  3141 | D:5      | Reached * piety under Okawaru
  3400 | D:5      | 3400 ||| INVOKING Heroism.
  3401 | D:5      | 3401 ||| INVOKING Heroism.
  3468 | D:5      | Reached skill level 1 in Invocations
  3596 | D:5      | 3596 ||| INVOKING Heroism.
  3601 | D:5      | Reached skill level 8 in Ranged Weapons
  3601 | D:5      | Reached XP level 8. HP: 48/48 MP: 5/8
  3940 | D:5      | 3940 ||| READING scroll labelled INIUMP HIROFOL.
  3941 | D:5      | 3941 ||| READING scroll labelled ITERPH DATUTA.
  3942 | D:5      | 3942 ||| READING scroll labelled AROQOX KINU.
  3943 | D:5      | 3943 ||| READING 2 scrolls of identify.
  3943 | D:5      | 3943 ||| IDENTIFYING fizzy blue potion
  3969 | D:6      | You fall into a shaft and drop 3 floors!
  3975 | D:9      | Found Zionanir's Self-Improvement Boutique.
  4075 | D:9      | Found a glowing golden altar of the Shining One.
  4114 | D:9      | Found a staircase to the Lair.
  4140 | D:9      | Found a stormy altar of Qazlal.
  4140 | D:9      | Noticed a vampire
  4150 | D:9      | HP: 7/48 [something (7)]
  4150 | D:9      | HP: 3/48 [something (4)]
  4152 | D:9      | Slain by a vampire

Levels and vault maps discovered:
D:1:      dpeg_arrival_solitude, layout_rooms, serial_shops, shop
D:2:      layout_basic
D:3:      layout_loops_ring, nicolae_sif_muna_little_library,
          nzn_wu_jian_contemplation, shapermc_ecumenical_altar_hornbeckon,
          ebering_ghost_reflecting_pool
D:4:      layout_basic, vehumet_altar_wand_db, nemelex_diamond_rough_becter,
          zin_purify, minmay_temple_entry_poolview, uniq_robin, uniq_sigmund,
          uniq_menkaure
D:5:      layout_loops_ring, nrook_loot_triangle, minmay_crossroads
D:6:      layout_cave_pods, grunt_ministairs_7, uniq_grinder,
          uniq_prince_ribbit1
D:9:      layout_grid_maze, amcnicky_altar_gilded,
          mainiacjoe_overflow_small_starburst, lemuel_crystal_altar,
          lair_entry_dummy, nicolae_shop_self_help
Temple:   nicolae_temple_no_exploring_needed

Skill      XL: |  1  2  3  4  5  6  7  8 |
---------------+-------------------------+-----
Ranged Weapons | 5 6 8 |  8.1
Fighting       | 3 4 |  4.7
Armour         | 4 |  4.2
Invocations    | 1 2 |  2.0
Dodging        | |  1.5
Stealth        | |  1.1

Action                     |  1- 3 |  4- 6 |  7- 9 || total
---------------------------+-------+-------+-------++-------
   Fire: Shortbow          |   144 |    79 |   180 ||   403
 Invoke: Heroism           |       |       |     2 ||     2
    Use: Scroll            |     4 |     4 |     8 ||    16
         Potion            |       |     1 |     1 ||     2
 Armour: Leather armour    |    16 |     1 |       ||    17
         Ring mail         |       |     4 |    73 ||    77
  Dodge: Dodged            |    27 |    12 |    56 ||    95

Table legend:
 A = Non-vault XP
 B = Vault XP
 C = Vault XP percentage of total XP
 D = Non-vault monster count
 E = Vault monster count
 F = Vault count percentage of total count
                 A         B        C        D         E       F
            +---------+---------+-------+---------+---------+-------
      Total |     992 |     452 |  31.3 |     100 |      14 |  12.3
            +---------+---------+-------+---------+---------+-------
        D:1 |      38 |       0 |   0.0 |      21 |       0 |   0.0
        D:2 |      35 |       0 |   0.0 |      19 |       0 |   0.0
        D:3 |      86 |       0 |   0.0 |      18 |       0 |   0.0
        D:4 |     169 |     452 |  72.8 |      18 |      14 |  43.8
        D:5 |     664 |       0 |   0.0 |      24 |       0 |   0.0
            +---------+---------+-------+---------+---------+-------
